 Dungeon Crawl Stone Soup version 0.24.0-28-g17ded55e90 (webtiles) character file.

Game seed: 16402854947450643883, levelgen mode: deterministic

130 night the Firebug (level 4, -5/33 HPs)
             Began as a Demonspawn Fire Elementalist on Nov 12, 2019.
             Was an Initiate of Cheibriados.
             Slain by Grinder (6 damage)
             ... on level 3 of the Dungeon.
             The game lasted 00:06:03 (3082 turns).

night the Firebug (Demonspawn Fire Elementalist)    Turns: 3082, Time: 00:06:03

Health: -5/33      AC:  2    Str: 10    XL:     4   Next: 90%
Magic:  10/17      EV: 12    Int: 18    God:    Cheibriados [......]
Gold:   161        SH:  0    Dex: 14    Spells: 2/8 levels left

rFire    . . .     SeeInvis .   t - +2 dagger (venom)
rCold    . . .     Gourm    .   (no shield)
rNeg     . . .     Faith    .   a - +0 robe
rPois    .         Spirit   .   (no helmet)
rElec    .         Reflect  .   (no cloak)
rCorr    .         Harm     .   (no gloves)
MR       .....                  (no boots)
Stlth    ++........             (no amulet)
HPRegen  0.11/turn              h - ring of magical power
MPRegen  0.15/turn              (no ring)

@: very slow
A: hooves 2
a: Bend Time, Renounce Religion


You were on level 3 of the Dungeon.
You worshipped Cheibriados.
Cheibriados was noncommittal.
You were hungry.

You visited 1 branch of the dungeon, and saw 5 of its levels.

You collected 161 gold pieces.

Inventory:

Hand Weapons
 b - a +0 dagger
 l - a +0 trident
 t - a +2 dagger of venom (weapon)
Missiles
 g - 24 arrows
 j - 8 boomerangs (quivered)
Armour
 a - a +0 robe (worn)
Jewellery
 h - a ring of magical power (left hand)
 o - an uncursed amulet of magic regeneration {unknown}
 q - an uncursed ring of flight {unknown}
Wands
 p - a wand of digging (6)
Scrolls
 d - a scroll of identify {unknown}
 i - a scroll of amnesia {unknown}
 k - a scroll of fear {unknown}
 m - a scroll of remove curse {unknown}
 s - a scroll of immolation {unknown}
 v - a scroll of enchant weapon {unknown}
 w - a scroll of enchant armour {unknown}
Potions
 e - a potion of heal wounds {unknown}
 f - 2 potions of curing {unknown}
 n - 2 potions of cancellation {unknown}
 u - a potion of brilliance {unknown}
 x - a potion of lignification {unknown}
 z - a potion of haste {unknown}
Comestibles
 c - 3 rations


   Skills:
 + Level 2.0 Fighting
 - Level 1.7 Dodging
 - Level 1.7 Stealth
 + Level 2.9 Spellcasting
 + Level 2.4 Conjurations
 + Level 3.4 Fire Magic


You had 2 spell levels left.
You knew the following spells:

 Your Spells              Type           Power        Failure   Level  Hunger
a - Flame Tongue          Conj/Fire      ##...        4%          1    None
b - Throw Flame           Conj/Fire      ##....       8%          2    ##.....
c - Conjure Flame         Conj/Fire      ##......     14%         3    ###....

Your spell library contained the following spells:

 Spells                   Type           Power        Failure   Level  Hunger
 Inner Flame              Hex/Fire       #.......     24%         3    ###....
 Sticky Flame             Conj/Fire      ##......     43%         4    ####...
 Fireball                 Conj/Fire      ##........   80%         5    ######.


Dungeon Overview and Level Annotations

Branches:
Dungeon (5/15)
 Temple: D:4-7

Altars:
Cheibriados
Gozag
Ru

Annotations:
D:3 Grinder


Innate Abilities, Weirdness & Mutations

You have hoof-like feet.


Message History

You barely miss Grinder. Your kick misses Grinder.
Grinder is heavily wounded.
Grinder gestures at you.
You suddenly lose the ability to move!
Grinder hits you.
You writhe in agony.
Grinder gestures at you.
You barely resist. Grinder gestures at you.
You shrug off the repeated paralysis!
Grinder hits you but does no damage.
You can move again.
Casting: Flame Tongue (safe; 4% risk of failure)
Confirm with . or Enter, or press ? or * to list all spells.
Aiming: Throw Flame (safe; 8% risk of failure)
Press: ? - help, Shift-Dir - straight line, f/p - Grinder
Aim: Grinder (heavily wounded)
The puff of flame misses Grinder.
Grinder hits you!
* * * LOW HITPOINT WARNING * * *
You writhe in agony.
You die...

###.......##.##.# #
######........# #.. #
##...##.#### #.. .. ##
##.###.#.# #.. s§# .####.##
##..# #.# ..# ..##.#######.#
##.###..## ...#.# #.)...#
..r.....#
.....###...#.########....##..
................@5......s...+
....##.#...#######.....%.####
...####...## #.#####.# ..##
##.## #.# # .## #.# #.#
########.# #.# ......##.# #.#
#####.##.# #.. ### #.##.# ###


You could see Grinder.

Vanquished Creatures
  A howler monkey (D:4)
  A worker ant (D:4)
  A killer bee zombie (D:5)
  An ooze (D:3)
  A worm (D:2)
  2 dart slugs (D:1)
  4 leopard geckos
  3 orcs
  2 giant cockroaches
  4 goblins
  3 hobgoblins
  2 kobolds (D:1)
  5 bats
  2 frilled lizards
  5 rats
37 creatures vanquished.

Notes
Turn   | Place    | Note
-------+----------+-------------------------------------------
     0 | D:1      | night the Demonspawn Fire Elementalist began the quest for
                  | the Orb.
     0 | D:1      | Reached XP level 1. HP: 13/13 MP: 3/3
   762 | D:1      | Gained mutation: You have large cloven feet. [demonic
                  | ancestry]
   762 | D:1      | Reached XP level 2. HP: 20/20 MP: 0/5
   890 | D:1      | Learned a level 2 spell: Throw Flame
  1125 | D:1      | Reached skill level 1 in Fighting
  1772 | D:2      | Reached skill level 3 in Fire Magic
  1862 | D:2      | Gained mutation: You have hoof-like feet. [demonic
                  | ancestry]
  1862 | D:2      | Reached XP level 3. HP: 24/26 MP: 6/6
  2466 | D:3      | You fall into a shaft and drop 2 floors!
  2466 | D:5      | Entered Level 5 of the Dungeon
  2466 | D:5      | Found a sacrificial altar of Ru.
  2573 | D:5      | Learned a level 3 spell: Conjure Flame
  2626 | D:4      | Reached XP level 4. HP: 27/33 MP: 8/8
  2751 | D:4      | Found an opulent altar of Gozag.
  2832 | D:4      | Found a snail-covered altar of Cheibriados.
  2889 | D:4      | Became a worshipper of Cheibriados the Contemplative
  3040 | D:3      | Noticed Grinder
  3067 | D:3      | Paralysed by Grinder for 4 turns
  3077 | D:3      | Paralysed by Grinder for 5 turns
  3082 | D:3      | HP: 1/33 [Grinder (11)]
  3082 | D:3      | Slain by Grinder

Levels and vault maps discovered:
D:1:      wander_arrival_fairy_ring, layout_basic, chequers_serial_rivers_room_a
D:2:      layout_loops_ring, st_stairs_9, kennysheep_small_spiral
D:3:      layout_loops_corners, overflow_temple_1_default, lemuel_doored_altar,
          first_ration, minmay_bisected, uniq_grinder
D:4:      layout_basic, nicolae_gozag_cash_rules_everything_around_me,
          nicolae_overflow_crystal_walls
D:5:      layout_cave_pools, old_standard_altar,
          minmay_temple_entry_proselytizer, portal_sewer_entry_e

Skill      XL: |  1  2  3  4 |
---------------+-------------+-----
Fighting       | 1 2 |  2.0
Fire Magic     | 3 |  3.4
Conjurations   | 2 |  2.4
Dodging        | |  1.7
Stealth        | |  1.7
Spellcasting   | |  2.9

Action                   |  1- 3 |  4- 6 || total
-------------------------+-------+-------++-------
Melee: Unarmed           |    26 |       ||    26
       Trident           |     3 |       ||     3
       Dagger            |     4 |    14 ||    18
       Kick              |       |     3 ||     3
Throw: Boomerang         |       |     5 ||     5
 Cast: Flame Tongue      |    44 |     5 ||    49
       Throw Flame       |    10 |    10 ||    20
  Eat: Chunk             |     6 |     2 ||     8
Armor: Robe              |     6 |     1 ||     7
Dodge: Dodged            |    30 |     5 ||    35
